 Dungeon Crawl Stone Soup version 0.26-a0-597-gb535b0901c (webtiles) character file.

Game seed: 2676807702748396291

3439 pk666 the Thaumaturge (level 9, -5/45 HPs)
             Began as a Deep Elf Hedge Wizard on Sept 6, 2020.
             Was a Follower of Vehumet.
             Slain by a death yak (23 damage)
             ... on level 8 of the Dungeon.
             The game lasted 00:31:42 (10915 turns).

pk666 the Thaumaturge (Deep Elf Hedge Wizard)      Turns: 10915, Time: 00:31:51

Health: -5/45      AC:  5    Str:  4 (7)  XL:     9   Next: 77%
Magic:  2/24       EV: 16    Int: 21 (23) God:    Vehumet [*.....]
Gold:   461        SH:  0    Dex: 13 (14) Spells: 13/27 levels left

rFire    . . .     SeeInvis .   k - +2 dagger (freeze)
rCold    . . .     Faith    .   (no shield)
rNeg     . . .     Spirit   .   x - +2 robe {MR+}
rPois    +         Reflect  .   c - +0 hat
rElec    .         Harm     .   w - +0 cloak
rCorr    .                      (no gloves)
MR       +....                  (no boots)
Stlth    ++........             (no amulet)
HPRegen  0.15/turn              d - ring of poison resistance
MPRegen  0.19/turn              l - ring of wizardry

@: no status effects
A: no striking features
a: Renounce Religion


You were on level 8 of the Dungeon.
You worshipped Vehumet.
Vehumet was aware of your devotion.
You visited 2 branches of the dungeon, and saw 9 of its levels.

You collected 461 gold pieces.

Inventory:

Hand Weapons
 k - a +2 dagger of freezing (weapon)
 s - the cursed +1 mace "Bingo" {freeze, MR+ Str+4}
   (You found it on level 6 of the Dungeon)

   It has been specially enchanted to freeze those struck by it, causing extra
   injury to most foes and up to half again as much damage against particularly
   susceptible opponents.
   It can also slow down cold-blooded creatures.
   It affects your strength (+4).
   It affects your resistance to hostile enchantments.
   It has a curse placed upon it.
Missiles
 i - 2 javelins (quivered)
Armour
 c - a +0 hat (worn)
 w - a +0 cloak (worn)
 x - a +2 robe of magic resistance (worn)
Jewellery
 d - a ring of poison resistance (left hand)
 l - a ring of wizardry (right hand)
 n - an uncursed ring of resist corrosion
 t - an uncursed ring of see invisible
 v - an uncursed ring of stealth
 y - an uncursed ring of fire {unknown}
 B - a +6 ring of strength {unknown}
Wands
 p - a wand of iceblast (13)
 F - a wand of random effects (14)
 G - a wand of flame (13)
Scrolls
 h - 10 scrolls of teleportation
 r - 4 scrolls of remove curse
 u - 2 scrolls of fog {unknown}
 z - 2 scrolls of silence {unknown}
 C - 3 scrolls of blinking {unknown}
 D - a scroll of amnesia {unknown}
Potions
 a - a potion of resistance {unknown}
 b - a potion of flight {unknown}
 e - a potion of curing
 f - a potion of magic {unknown}
 g - a potion of might {unknown}
 j - a potion of cancellation {unknown}
 m - a potion of degeneration
 o - a potion of stabbing {unknown}
 q - a potion of mutation {unknown}
 A - 2 potions of lignification {unknown}
 E - 3 potions of brilliance {unknown}


   Skills:
 + Level 6.8 Dodging
 - Level 2.4 Stealth
 + Level 9.9 Spellcasting
 + Level 7.3 Conjurations
 - Level 2.0 Summonings
 - Level 2.0 Translocations
 + Level 6.7 Fire Magic
 - Level 3.0 Air Magic
 - Level 4.0 Earth Magic
 - Level 2.0 Poison Magic


You had 13 spell levels left.
You knew the following spells:

 Your Spells              Type           Power        Failure   Level
a - Magic Dart            Conj           ####         1%          1
b - Blink                 Tloc           N/A          1%          2
c - Conjure Flame         Conj/Fire      #####...     1%          3
d - Mephitic Cloud        Conj/Pois/Air  ####....     1%          3
e - Call Imp              Summ           ###.....     1%          2
f - Stone Arrow           Conj/Erth      ####..       1%          3

Your spell library contained the following spells:

 Spells                   Type           Power        Failure   Level
 Shock                    Conj/Air       ####         1%          1
 Sandblast                Erth           ####..       1%          1
 Passwall                 Tmut/Erth      ###.....     1%          2
 Slow                     Hex            ##......     4%          2
 Petrify                  Tmut/Erth      ###.....     12%         4
 Lee's Rapid Deconstruct  Erth           ####......   14%         5


Dungeon Overview and Level Annotations

Branches:
Dungeon (8/15)             Temple (1/1) D:5            Lair (0/6) D:8

Altars:
Ashenzari
Elyvilon
Fedhas
Gozag
Hepliaklqana
Kikubaaqudgha
Makhleb
Nemelex Xobeh
Qazlal
Sif Muna
Trog
Uskayaw
Vehumet
Wu Jian
Xom
Yredelemnul
Zin
The Shining One

Annotations:
D:4 1 runed translucent door, HoaS's ghost, novice FoFi


Message History

You barely miss the death yak.
The death yak is lightly wounded.
The death yak is engulfed in blazing flames.
The death yak gores you!
You hit the death yak but do no damage.
The death yak is moderately wounded.
The death yak is engulfed in blazing flames.
The death yak gores you!!
Unknown command.
You hit the death yak. You freeze the death yak.
The death yak is heavily wounded.
The death yak is engulfed in blazing flames.
The death yak barely misses you.
It was a potion of degeneration.
There was something very wrong with that liquid.
You feel weakened.
You feel dopey.
You feel clumsy.
The death yak is engulfed in blazing flames.
The death yak gores you!!
Ouch! That really hurt!
You die...

.# #.....####.#.......
..t. .# #.....#
#.#...#.. ..l. ##
#.....# #.......# H.P.
#....## #.....#.# P...
#####.########.......#
.... ..>..(#
#.........#.# ######.Y.#
.###### #.####.####.#
#...().... #.##
#.####.####.# #.##.##...
##.##
#..(...@Y...###.##.##...
##.#
#..#######..............
##.## # ######.##.##.#
#.## #...... .##
####.### ## ..#


You could see a death yak.

Vanquished Creatures
  Maggie (D:8)
  2 hippogriffs (D:8)
  Sigmund (D:5)
  A water moccasin (D:7)
  An ice beast (D:4)
  A black bear (D:6)
  3 ogres
  2 centaurs
  2 lemures (D:8)
  A bullfrog (D:8)
  A water moccasin skeleton (D:7)
  A scorpion (D:7)
  5 killer bees (D:7)
  A quasit (D:8)
  A hound (D:7)
  Crazy Yiuf (D:6)
  3 jellies
  2 orc wizards
  Ijyb (D:5)
  A bullfrog skeleton (D:8)
  An iguana (D:6)
  6 worker ants
  A hound skeleton (D:7)
  A worker ant zombie (D:6)
  9 adders
  2 river rats (D:4)
  2 shadow imps
  An ufetubus (D:8)
  2 oozes (D:3)
  2 adder skeletons
  3 worms
  3 dart slugs
  A leopard gecko (D:4)
  15 orcs
  7 bats
  7 giant cockroaches
  8 goblins
  6 hobgoblins
  7 jackals
  3 quokkas
  6 ball pythons
  5 frilled lizards
  6 kobolds
  5 rats
141 creatures vanquished.

Vanquished Creatures (collateral kills)
  A hydra (D:7)
  Duvessa (D:4)
  A necrophage (D:7)
  Dowan (D:4)
  A water moccasin skeleton (D:7)
  A killer bee (D:7)
  A howler monkey zombie (D:6)
  A white imp (D:6)
  An orc (D:4)
9 creatures vanquished.

Vanquished Creatures (others)
  2 fungi (D:8)
  A plant (D:8)
3 creatures vanquished.

Grand Total: 153 creatures vanquished

Notes
Turn   | Place    | Note
-------+----------+-------------------------------------------
     0 | D:1      | pk666 the Deep Elf Hedge Wizard began the quest for the
                  | Orb.
     0 | D:1      | Reached XP level 1. HP: 10/10 MP: 7/7
   224 | D:1      | Reached XP level 2. HP: 15/15 MP: 5/9
   558 | D:1      | Reached skill level 5 in Spellcasting
   976 | D:2      | Reached XP level 3. HP: 19/19 MP: 8/11
   982 | D:1      | Learned a level 2 spell: Blink
   986 | D:1      | Learned a level 3 spell: Conjure Flame
   990 | D:1      | Learned a level 3 spell: Mephitic Cloud
   993 | D:1      | Learned a level 2 spell: Call Imp
  2148 | D:3      | Reached XP level 4. HP: 24/24 MP: 8/13
  2484 | D:3      | Found a shimmering blue altar of Sif Muna.
  2623 | D:3      | Reached skill level 1 in Fire Magic
  2927 | D:3      | Reached skill level 1 in Air Magic
  3124 | D:4      | Noticed HoaS's ghost (novice FoFi)
  3127 | D:4      | Found a runed translucent door.
  3135 | D:4      | Reached skill level 1 in Poison Magic
  3232 | D:4      | Noticed an ogre
  3236 | D:4      | Noticed an ice beast
  3800 | D:4      | Killed an ogre
  3800 | D:4      | Reached XP level 5. HP: 28/28 MP: 0/15
  4427 | D:4      | Noticed Dowan
  4451 | D:4      | Killed Dowan
  4672 | D:4      | Noticed Duvessa
  4945 | D:4      | Killed an ice beast
  4945 | D:4      | Reached skill level 6 in Spellcasting
  4945 | D:4      | Reached XP level 6. HP: 32/32 MP: 2/17
  5215 | D:4      | Killed Duvessa
  5657 | D:5      | Entered Level 5 of the Dungeon
  6016 | D:5      | Reached XP level 7. HP: 29/36 MP: 10/18
  6107 | D:5      | Found a shattered altar of Ashenzari.
  6160 | D:5      | Found a staircase to the Ecumenical Temple.
  6166 | Temple   | Entered the Ecumenical Temple
  6231 | Temple   | Became a worshipper of Vehumet
  6274 | D:5      | Noticed Sigmund
  6275 | D:5      | Noticed Ijyb
  6311 | D:5      | Killed Ijyb
  6468 | D:5      | Killed Sigmund
  6531 | D:5      | Identified the +9 scale mail "Dyagob" {rPois rN++ Str-3}
                  | (You found it on level 5 of the Dungeon)
  6633 | D:5      | Found a glowing silver altar of Zin.
  6953 | D:6      | Reached skill level 7 in Spellcasting
  7230 | D:6      | Reached skill level 5 in Conjurations
  7339 | D:6      | Found a basalt altar of Yredelemnul.
  7352 | D:6      | Found a bloodstained altar of Trog.
  7522 | D:6      | Reached XP level 8. HP: 41/41 MP: 10/21
  7930 | D:6      | Found a runed translucent door.
  7931 | D:6      | Noticed Crazy Yiuf
  8096 | D:6      | Identified the cursed +1 mace "Bingo" {freeze, MR+ Str+4}
                  | (You found it on level 6 of the Dungeon)
  8218 | D:6      | Killed Crazy Yiuf
  8486 | D:7      | Reached skill level 8 in Spellcasting
  8773 | D:7      | Learned a level 3 spell: Stone Arrow
  8825 | D:7      | Reached skill level 5 in Fire Magic
  8981 | D:7      | Reached skill level 1 in Earth Magic
  9086 | D:7      | Reached skill level 5 in Dodging
  9494 | D:7      | Found a burning altar of Makhleb.
  9560 | D:7      | Noticed a six-headed hydra
  9589 | D:7      | Killed a six-headed hydra
  9589 | D:7      | Reached skill level 9 in Spellcasting
  9589 | D:7      | Reached XP level 9. HP: 18/45 MP: 3/24
 10162 | D:8      | Reached * piety under Vehumet
 10162 | D:8      | Offered knowledge of Shock by Vehumet.
 10405 | D:8      | Noticed Maggie
 10429 | D:8      | Killed Maggie
 10808 | D:8      | Found a staircase to the Lair.
 10808 | D:8      | Noticed a death yak
 10915 | D:8      | Slain by a death yak

Illustrated notes

Levels and vault maps discovered:
D:1:      lemuel_arrival_rhombus, layout_loops_ring
D:2:      layout_rooms
D:3:      layout_basic, lemuel_blue_sif_altar
D:4:      layout_gridville, portal_sewer_entry_e,
          hellmonk_ghost_happy_afterlife, minmay_misc_feat_doors, uniq_duvessa
D:5:      layout_basic, nicolae_overflow_hidden_temple, evilmike_ruin_ashenzari,
          minmay_temple_entry_hall, hangedman_decor_lopped, uniq_ijyb,
          uniq_sigmund
D:6:      layout_rooms, amethyst_overflow_temple_binary, st_stairs_7,
          wad_floor_pattern_2, minmay_tree_intersection, uniq_crazy_yiuf_cottage
D:7:      layout_basic, makhleb_blood_cavern_becter, serial_glass,
          glass_columns_b, glass_columns_a, feat_on_display,
          due_unseen_surprise, feat_on_display
D:8:      layout_loops_cross, david_lair_generic, uniq_pikel, uniq_maggie
Temple:   dshaligram_water_room_temple

Skill      XL: |  1  2  3  4  5  6  7  8  9 |
---------------+----------------------------+-----
Conjurations   | 2 3 4 5 6 7 |  7.3
Spellcasting   | 5 6 7 9 |  9.9
Fire Magic     | 1 2 3 4 6 |  6.7
Air Magic      | 1 2 3 |  3.0
Poison Magic   | 1 2 |  2.0
Summonings     | 2 |  2.0
Translocations | 2 |  2.0
Dodging        | 3 5 6 |  6.8
Earth Magic    | 3 4 |  4.0
Stealth        | |  2.4

Action                   |  1- 3 |  4- 6 |  7- 9 || total
-------------------------+-------+-------+-------++-------
Melee: Dagger            |       |    19 |    58 ||    77
 Cast: Magic Dart        |   111 |   178 |   253 ||   542
       Call Imp          |       |    19 |    15 ||    34
       Blink             |       |     4 |     5 ||     9
       Mephitic Cloud    |       |     7 |    28 ||    35
       Conjure Flame     |       |     1 |    28 ||    29
       Stone Arrow       |       |       |     6 ||     6
Evoke: Wand              |       |       |    13 ||    13
  Use: Scroll            |     4 |     1 |     3 ||     8
       Potion            |       |     1 |     3 ||     4
 Stab: Confused          |       |     4 |     3 ||     7
Armor: Robe              |     2 |    11 |    27 ||    40
Dodge: Dodged            |     7 |    46 |    80 ||   133

Table legend: (Time is in decaauts)
 A = Elapsed time spent in this place.
 B = Non-inter-level travel time spent in this place.
 C = Inter-level travel time spent in this place.
 D = Time resting spent in this place.
 E = Time spent auto-exploring this place.
 F = Levels seen in this place.
 G = Mean time per level.
                   A        B        C        D        E       F      G
               +--------+--------+--------+--------+--------+-----+--------+
         Total |  10915 |  10568 |    347 |   3829 |   5218 |   9 | 1212.8 |
       Dungeon |  10819 |  10494 |    325 |   3829 |   5153 |   8 | 1352.4 |
        Temple |     96 |     74 |     22 |      0 |     65 |   1 |   96.0 |
               +--------+--------+--------+--------+--------+-----+--------+

Top non-repeatable levels by time:
     D:4: 2049 daAuts
     D:3: 1958 daAuts
     D:6: 1628 daAuts
     D:7: 1478 daAuts
     D:5: 1088 daAuts
     D:1: 995 daAuts
     D:8: 961 daAuts
     D:2: 658 daAuts
  Temple: 96 daAuts
